 Dungeon Crawl Stone Soup version 0.29.1-2-gbd0b4ee654 (webtiles) character file.

Game seed: 297645179307928746

19 cdecastro the Caller (level 2, 0/19 HPs)
             Began as a Merfolk Summoner on Oct 26, 2022.
             Slain by a quokka (2 damage)
             ... on level 1 of the Dungeon on Oct 28, 2022.
             The game lasted 00:02:38 (1066 turns).

cdecastro the Caller (Merfolk Summoner)             Turns: 1066, Time: 00:02:39

Health: 0/19       AC:  3    Str:  8    XL:     2   Next: 75%
Magic:  0/5        EV: 12    Int: 14    God:
Gold:   16         SH:  0    Dex: 14    Spells: 2/5 levels left

rFire   . . .      SeeInvis .   e - +0 dagger
rCold   . . .      Faith    .   (no shield)
rNeg    . . .      Spirit   .   a - +0 robe
rPois   .          Reflect  .   (no helmet)
rElec   .          Harm     .   (no cloak)
rCorr   .          Rampage  .   (no gloves)
Will    .....                   d - +0 pair of boots
Stlth   ++........              (no amulet)
HPRegen 0.06/turn               (no ring)
MPRegen 0.09/turn               (no ring)

@: no status effects
A: (nimble swimmer 2), mertail
a: no special abilities


You were on level 1 of the Dungeon.
You visited 1 branch of the dungeon, and saw 1 of its levels.

You collected 16 gold pieces.

Inventory:

Hand Weapons
 e - a +0 dagger (weapon)
Missiles
 c - 7 stones
Armour
 a - a +0 robe (worn)
 d - a +0 pair of boots (worn)
Magical Staves
 f - a staff of cold
Scrolls
 g - a scroll of fear {unknown}
Potions
 b - a potion of magic


   Skills:
 - Level 2.6 Dodging
 - Level 2.1 Stealth
 - Level 2.0 Spellcasting
 + Level 4.7 Summonings


You had 2 spell levels left.
You knew the following spells:

 Your Spells              Type           Power      Damage    Failure   Level
a - Summon Small Mammal   Summ           56%        N/A       3%          1
b - Call Imp              Summ           14%        N/A       4%          2

Your spell library contained the following spells:

 Spells                   Type           Power      Damage    Failure   Level
 Slow                     Hex            4%         N/A       24%         1
 Call Canine Familiar     Summ           14%        N/A       10%         3
 Summon Guardian Golem    Hex/Summ       8%         N/A       26%         3
 Confusing Touch          Hex            1%         N/A       56%         3
 Vampiric Draining        Necr           1%         2d6       56%         3
 Summon Lightning Spire   Summ/Air       8%         N/A       65%         4


Dungeon Overview and Level Annotations

Branches:
Dungeon (1/15)

Altars:


Innate Abilities, Weirdness & Mutations

((You are very nimble when in or above water. (Stealth+, EV+, Speed+++)))
Your lower body shifts to a powerful aquatic tail in water.


Message History

The quokka bites your quokka.
Your quokka dies!
Your quokka's corpse disappears in a puff of smoke!
The goblin hits you but does no damage.
You hit the goblin.
You kill the goblin!
The quokka barely misses you.
Casting: Summon Small Mammal (safe; 3% risk of failure)
Confirm with . or Enter, or press ? or * to list all spells.
The quokka bites you.
* * * LOW HITPOINT WARNING * * *
Unknown command.
Casting: Summon Small Mammal (safe; 3% risk of failure)
Confirm with . or Enter, or press ? or * to list all spells.
The quokka bites you but does no damage.
Your bat barely misses the quokka.
Unknown command.
Casting: Summon Small Mammal (safe; 3% risk of failure)
Confirm with . or Enter, or press ? or * to list all spells.
Your rat disappears in a puff of smoke!
Your bat misses the quokka.
Your bat barely misses the quokka.
The quokka bites you.
* * * LOW HITPOINT WARNING * * *
Unknown command.
The quokka attacks as you move away!
The quokka bites you but does no damage.
The quokka bites your bat.
Your bat dies!
Your bat's corpse disappears in a puff of smoke!
Unknown command.
The quokka bites your rat.
Your rat dies!
Your rat's corpse disappears in a puff of smoke!
Casting: Summon Small Mammal (safe; 3% risk of failure)
Confirm with . or Enter, or press ? or * to list all spells.
The quokka barely misses you.
Unknown command.
You hit the quokka but do no damage. The quokka misses you.
You closely miss the quokka. The quokka bites you.
You die...

#..#.#.#.#.
#######)...P..P..
#........#.#.#.#.
#(.......#... .
####........#.#.# #.
............P...PP.
...........#.#.#.#
###r........#... P#
#.r@.#+##..########
#g#..#.............
####+#.#########...#.#..
#..................#.#
#....g###.....###..#.####
#........................
#...$g.##.....##.#.#.####
#....g.##.....##.........
####.#†##.....##...#.####


You could see a quokka (ally target), a hobgoblin and a friendly quokka
(summoned).

Vanquished Creatures
  4 endoplasms (D:1)
  A goblin (D:1)
  2 hobgoblins (D:1)
  A bat (D:1)
  A rat (D:1)
9 creatures vanquished.

Vanquished Creatures (collateral kills)
  A dart slug (D:1)
  A ball python (D:1)
  A goblin (D:1)
  A hobgoblin (D:1)
  A kobold (D:1)
5 creatures vanquished.

Vanquished Creatures (others)
  A plant (D:1)
1 creature vanquished.

Grand Total: 15 creatures vanquished

Notes
Turn   | Place    | Note
-------+----------+-------------------------------------------
     0 | D:1      | cdecastro the Merfolk Summoner began the quest for the Orb.
     0 | D:1      | Reached XP level 1. HP: 13/13 MP: 3/3
   364 | D:1      | Reached XP level 2. HP: 12/19 MP: 3/5
   807 | D:1      | Learned a level 2 spell: Call Imp
  1066 | D:1      | Slain by a quokka

Illustrated notes

Levels and vault maps discovered:
D:1:      lemuel_arrival_river_bridge, layout_basic,
          shapermc_ecumenical_altar_mp_urbaneastern, minmay_small_reverse_x

Action                   || total
-------------------------++-------
Melee: Dagger            ||    46
       Unarmed           ||     3
 Cast: Summon Small Mamm ||    15
 Stab: Sleeping          ||     1
       Distracted        ||     1
Armor: Robe              ||    14
Dodge: Dodged            ||    29
